 Dungeon Crawl Stone Soup version 0.20-a0-924-gfa95efa (webtiles) character file.

420 Duffy the Shield-Bearer (level 7, -1/52 HPs)
             Began as a Formicid Fighter on Mar 27, 2017.
             Was an Initiate of Makhleb.
             Slain by Edmund
             ... wielding a +2 flail of protection
              (2 damage)
             ... on level 4 of the Dungeon.
             The game lasted 00:05:12 (3178 turns).

Duffy the Shield-Bearer (Formicid Fighter)          Turns: 3178, Time: 00:05:13

Health: -1/52      AC: 12    Str: 22    XL:     7   Next: 16%
Magic:  7/7        EV:  7    Int: 10    God:    Makhleb [......]
Gold:   172        SH: 11    Dex: 10    Spells: 6/6 levels left

rFire    . . .     SeeInvis +   a - +0 war axe
rCold    + . .     Gourm    .   c - +0 shield
rNeg     . . .     Faith    .   e - +0 chain mail
rPois    .         Spirit   .   (helmet unavailable)
rElec    .         Reflect  .   (no cloak)
rCorr    .         Harm     .   h - +0 pair of gloves
MR       .....                  (no boots)
Stlth    ..........             (no amulet)
Regen    0.2/turn               n - ring of protection from cold
MPRegen  0.1/turn               (no ring)

@: no status effects
A: permanent stasis, dig shafts and tunnels, four strong arms, antennae 3,
hooves 1, yellow scales 1, clever 1
a: Dig, Shaft Self, Renounce Religion


You were on level 4 of the Dungeon.
You worshipped Makhleb.
Makhleb was noncommittal.
You were hungry.

You visited 2 branches of the dungeon, and saw 7 of its levels.

You collected 172 gold pieces.

Inventory:

Hand Weapons
 a - a +0 war axe (weapon)
Missiles
 g - 4 curare-tipped needles
Armour
 c - a +0 shield (worn)
 e - a +0 chain mail (worn)
 h - a +0 pair of gloves (worn)
Jewellery
 n - a ring of protection from cold (left hand)
Wands
 r - a wand of flame (11/48)
Scrolls
 j - a scroll of random uselessness {unknown}
 k - a scroll of enchant armour {unknown}
 m - a scroll of fog {unknown}
 s - a scroll of remove curse {unknown}
Potions
 d - 2 potions of might
 t - a potion of curing
Comestibles
 f - 4 bread rations
 l - 2 fruits
 o - a meat ration
 q - 2 chunks of flesh


   Skills:
 - Level 3.2 Fighting
 + Level 4.3 Axes
 - Level 3.2 Armour
 + Level 7.7 Shields


You had 6 spell levels left.
You didn't know any spells.

Dungeon Overview and Level Annotations

Branches:
Dungeon (7/15)             Temple (1/1) D:7

Altars:
Ashenzari
Cheibriados
Dithmenos
Elyvilon
Fedhas
Gozag
Hepliaklqana
Kikubaaqudgha
Makhleb
Okawaru
Qazlal
Trog
Uskayaw
Vehumet
Xom
Yredelemnul
Zin
The Shining One

Annotations:
D:4 Edmund


Innate Abilities, Weirdness & Mutations

You cannot be hasted, slowed, berserked, paralysed or teleported.
You can dig through walls and to a lower floor.
Your four strong arms can wield two-handed weapons with a shield.
You have a pair of large antennae on your head. (SInv)
You have large cloven feet.
You are partially covered in yellow scales. (AC +2)
Your mind is acute. (Int +2)


Message History

Edmund is severely wounded.
You block Edmund's attack.
Edmund hits you with a flail of protection.
You hit Edmund but do no damage.
Edmund is severely wounded.
You block Edmund's attack. x2
You closely miss Edmund. Your kick misses Edmund.
Edmund is severely wounded.
Edmund hits you with a flail of protection.
You hit Edmund but do no damage. Your kick misses Edmund.
Edmund is severely wounded.
Edmund hits you but does no damage. x2
You hit Edmund. You kick Edmund, but do no damage.
Edmund is severely wounded.
Edmund hits you but does no damage.
You slash Edmund!
Edmund is almost dead.
Edmund hits you but does no damage.
Edmund hits you with a flail of protection.
You die...

#.#############
#)# #.#
#.######
#......#
######.#
####{#######
##@#{{{)h...#
#@#{###.......
##### o......
....... .......
....... .......
.......


You could see Edmund.

Vanquished Creatures
  Duvessa (D:7)
  Dowan (D:7)
  A crimson imp (D:5)
  2 orc priests (D:6)
  2 orc wizards (D:6)
  An iguana (D:5)
  5 adders
  An ooze (D:1)
  2 worms (D:2)
  A dart slug (D:1)
  A leopard gecko (D:5)
  2 orcs
  A giant cockroach (D:1)
  3 goblins (D:1)
  4 hobgoblins (D:1)
  2 jackals (D:5)
  6 kobolds
  A quokka (D:6)
  4 bats
  5 frilled lizards
  6 rats
52 creatures vanquished.

Notes
Turn   | Place    | Note
-------+----------+-------------------------------------------
     0 | D:1      | Duffy the Formicid Fighter began the quest for the Orb.
     0 | D:1      | Reached XP level 1. HP: 18/18 MP: 1/1
    56 | D:1      | Reached XP level 2. HP: 24/24 MP: 2/2
    66 | D:1      | Reached skill level 4 in Shields
   605 | D:1      | Reached XP level 3. HP: 29/29 MP: 3/3
  1347 | D:2      | HP: 1/29 [poisoned by an adder]
  1681 | D:2      | Reached XP level 4. HP: 34/35 MP: 4/4
  1725 | D:2      | You fall through a shaft for 2 floors!
  1846 | D:4      | You fall through a shaft for 3 floors!
  2065 | D:7      | Noticed Dowan
  2068 | D:7      | Noticed Duvessa
  2076 | D:7      | Found a staircase to the Ecumenical Temple.
  2083 | Temple   | Entered the Ecumenical Temple
  2147 | Temple   | Became a worshipper of Makhleb the Destroyer
  2195 | D:7      | Killed Dowan
  2195 | D:7      | Reached skill level 5 in Shields
  2195 | D:7      | Reached XP level 5. HP: 41/41 MP: 5/5
  2207 | D:7      | Killed Duvessa
  2207 | D:7      | Reached skill level 7 in Shields
  2207 | D:7      | Reached XP level 6. HP: 29/47 MP: 6/6
  2476 | D:6      | Found a glowing silver altar of Zin.
  2476 | D:6      | Found a shimmering altar of Xom.
  2476 | D:6      | Found a basalt altar of Yredelemnul.
  2895 | D:5      | Entered Level 5 of the Dungeon
  3011 | D:5      | Found a hazy altar of Hepliaklqana.
  3029 | D:5      | Reached XP level 7. HP: 48/52 MP: 7/7
  3055 | D:5      | Gained mutation: You are partially covered in yellow scales. (AC +2) [potion of mutation]
  3055 | D:5      | Gained mutation: You have large cloven feet. [potion of mutation]
  3055 | D:5      | Gained mutation: Your mind is acute. (Int +2) [potion of mutation]
  3153 | D:4      | Noticed Edmund
  3175 | D:4      | HP: 1/52 [Edmund/flail of protection (5)]
  3178 | D:4      | Slain by Edmund

Vault maps used:
D:1:      onia_arrival_handbag, serial_glass, glass_columns_b, glass_columns_a,
          grunt_decor_arrowhead, minivault_4, kennysheep_small_spiral
D:2:      first_bread
D:4:      corexii_shack_village, nicolae_tso_swordbearing_angel, uniq_edmund
D:5:      overflow_temple_1_default, serial_shops, nicolae_shop_statue_plus,
          uniq_grinder, uniq_prince_ribbit1
D:6:      gammafunk_temple_overflow_forgotten
D:7:      temple_green, uniq_menkaure, uniq_pikel, uniq_duvessa
Temple:   zaba_magenta_temple

Skill      XL: |  1  2  3  4  5  6 |
---------------+-------------------+-----
Shields        | 4 5 7 |  7.7
Axes           | 3 4 |  4.3
Fighting       | |  3.2
Armour         | |  3.2

Action                   |  1- 3 |  4- 6 |  7- 9 || total
-------------------------+-------+-------+-------++-------
Melee: War axe           |   138 |   114 |    39 ||   291
       Unarmed           |       |     1 |       ||     1
       Kick              |       |       |     9 ||     9
 Abil: Dig               |       |     3 |     1 ||     4
       Shaft Self        |       |     2 |       ||     2
  Use: Potion            |     1 |       |     1 ||     2
       Scroll            |       |       |     3 ||     3
  Eat: Bread ration      |     1 |       |       ||     1
       Chunk             |       |     4 |       ||     4
Armor: Scale mail        |    10 |       |       ||    10
       Chain mail        |    68 |    58 |    21 ||   147
       Skin              |       |    20 |       ||    20
Dodge: Dodged            |    35 |    28 |     6 ||    69
Block: Shield            |    76 |    59 |    25 ||   160
